Map: Одиссея РВ

Players

ИИ 1 (знаток) - Winner!

  • Race: Terran Terran
  • Spawn Location: 11:00

Doll

  • Race: Zerg Zerg
  • Spawn Location: 5:00

VOD

Have the link to the VOD?

Description

Time

  • Played on: March 3, 2021, 9:07 a.m.
  • Length: 7:53
Show
View Real Time Build Order
Export as new Build Order

ИИ 1 (знаток) Terran - Winner!

Build Orders:  

Get SALT Encoding   

  12  0:00  SCV  
  13  0:13  SCV  
  14  0:18  Supply Depot  
  14  0:25  SCV  
  15  0:39  SCV  
  16  0:45  Barracks  
  16  0:51  SCV  
  17  1:03  SCV  
  18  1:17  Command Center  
  18  1:33  Orbital Command, Marine  
  18  1:39  Supply Depot  
  19  1:46  Refinery  
  19  1:50  Marine  
  20  1:59  SCV  
  20  2:00  Barracks  
  21  2:09  Marine, Refinery  
  21  2:11  SCV  
  23  2:24  SCV  
  23  2:27  Supply Depot, Barracks Tech Lab  
  24  2:36  SCV  
  25  2:45  Marine  
  25  2:47  Marine  
  25  2:50  SCV  
  28  2:57  Refinery  
  28  3:03  Marine  
  28  3:05  SCV  
  30  3:08  Marine, SCV  
  32  3:17  SCV  
  33  3:20  SCV  
  33  3:21  Marauder  
  33  3:26  Barracks Tech Lab  
  36  3:29  SCV, Factory  
  36  3:32  SCV  
  39  3:41  SCV  
  39  3:43  Marauder  
  39  3:45  Factory  
  41  3:59  Marauder  
  41  4:04  Marine  
  28  4:14  Factory Tech Lab, Starport  
  26  4:20  Marine  
  25  4:28  Hellion  
  24  4:32  SCV  
  25  4:42  SCV  
  26  4:46  SCV  
  26  4:50  Factory Tech Lab  
  27  4:53  Marine  
  27  4:54  SCV  
  27  4:58  SCV  
  30  5:06  SCV  
  31  5:10  SCV  
  32  5:19  Starport Tech Lab, SCV, Starport  
  33  5:23  SCV  
  34  5:31  SCV  
  34  5:33  Marine  
  34  5:35  SCV  
  37  5:43  Marine, SCV  
  37  5:47  SCV  
  40  5:53  Marine  
  40  5:55  SCV  
  42  5:57  Starport Tech Lab  
  44  6:04  Marauder  
  44  6:14  Marauder  
  44  6:15  Supply Depot  
  44  6:17  Medivac  
  48  6:20  SCV  
  48  6:23  SCV  
  50  6:32  SCV  
  51  6:33  Ghost Academy  
  51  6:38  SCV  
  52  6:44  SCV  
  53  6:50  SCV  
  54  6:54  Supply Depot  
  54  6:56  SCV  
  55  7:02  SCV  
  55  7:03  Ghost  
  55  7:07  Engineering Bay  
  58  7:08  SCV  
  58  7:14  SCV  
  60  7:19  Marine  
  60  7:20  SCV  
  61  7:27  SCV  
  62  7:31  Supply Depot, Marine  
  62  7:32  SCV  
  64  7:39  SCV  
Show
View Real Time Build Order
Export as new Build Order

Doll Zerg 

Build Orders: Hatch First 

Get SALT Encoding   

  12  0:00  Drone  
  13  0:12  Overlord  
  13  0:17  Drone  
  14  0:32  Drone x2  
  14  0:35  Drone  
  17  0:45  Drone  
  18  0:55  Hatchery  
  17  0:59  Extractor  
  16  1:14  Spawning Pool  
  16  1:15  Drone  
  16  1:18  Drone  
  16  1:22  Drone  
  18  1:30  Overlord  
  18  1:39  Drone  
  19  1:49  Extractor  
  18  2:01  Zergling x4  
  19  2:05  Baneling Nest  
  19  2:08  Zergling x2  
  20  2:13  Zergling x2  
  21  2:17  Metabolic Boost  
  21  2:18  Zergling x2  
  21  2:22  Zergling x2  
  23  2:33  Roach Warren  
  23  2:34  Zergling x2  
  23  2:41  Zergling x2  
  24  2:45  Zergling x2  
  24  2:49  Baneling  
  24  2:50  Baneling  
  25  2:52  Baneling  
  25  2:55  Baneling  
  25  2:58  Baneling  
  25  3:00  Baneling  
  25  3:03  Baneling  
  25  3:05  Baneling  
  25  3:11  Drone  
  26  3:16  Drone  
  27  3:23  Drone  
  28  3:27  Drone  
  28  3:31  Drone  
  30  3:36  Drone  
  30  3:40  Drone  
  32  3:44  Drone  
  34  3:48  Drone  
  34  3:55  Overlord  
  34  3:59  Drone  
  35  4:03  Drone  
  32  4:10  Lair  
  32  4:14  Drone  
  33  4:20  Drone  
  33  4:21  Drone  
  33  4:22  Drone  
  35  4:27  Drone  
  34  4:31  Queen  
  35  4:39  Roach  
  35  4:40  Roach  
  35  4:43  Roach  
  41  4:46  Roach  
  43  4:54  Overlord  
  43  4:56  Spine Crawler  
  42  5:13  Queen  
  44  5:15  Hatchery  
  44  5:16  Drone  
  44  5:18  Drone  
  45  5:21  Drone  
  45  5:22  Drone  
  45  5:24  Drone  
  48  5:28  Overseer  
  48  5:31  Glial Reconstitution  
  48  5:34  Overlord  
  48  5:37  Drone  
  48  5:40  Drone  
  48  5:42  Drone  
  51  5:46  Drone  
  51  5:47  Overlord  
  52  5:53  Centrifical Hooks  
  52  5:59  Roach x2  
  52  6:01  Roach  
  52  6:03  Roach  
  60  6:10  Roach  
  63  6:11  Drone  
Tags
 
Add a new tag
Caveats
  • Supply blocks, unpowered buildings, or Contaminate may cause inaccurate times.
  • Supply counts are checked every 10 seconds.